 Dungeon Crawl Stone Soup version 0.30-a0-122-g2a1322497e (webtiles) character file.

Game seed: 7449270975711375041

53 Pilot the Caller (level 3, -1/14 HPs)
             Began as a Felid Summoner on Sept 17, 2022.
             Killed by nerve-wracking pain
             ... invoked by an orc priest
              (8 damage)
             ... on level 3 of the Dungeon.
             The game lasted 00:21:07 (4317 turns).

Pilot the Caller (Felid Summoner)                   Turns: 4317, Time: 00:21:08

Health: -1/14      AC:  1    Str:  6    XL:     3   Next: 64%
Magic:  3/7        EV: 18    Int: 16    God:
Gold:   141        SH:  0    Dex: 16    Spells: 4/7 levels left
                                        Lives:  0   Deaths: 0

rFire   . . .      SeeInvis +    (weapon unavailable)
rCold   . . .      Faith    .    (shield unavailable)
rNeg    . . .      Spirit   .    (body armour unavailable)
rPois   .          Reflect  .    (helmet unavailable)
rElec   .          Harm     .    (cloak unavailable)
rCorr   .          Rampage  .    (gloves unavailable)
Will    .....                    (boots unavailable)
Stlth   +++.......               (no amulet)
HPRegen 0.04/turn                (no ring)
MPRegen 0.10/turn                (no ring)

@: quick
A: very small, claws 1, fangs 3, see invisible, speed 1, shaggy fur 1, stealthy
paws, no weapons or thrown items, no armour, multi-lived
a: no special abilities


You were on level 3 of the Dungeon.
You visited 1 branch of the dungeon, and saw 3 of its levels.

You collected 141 gold pieces.

Inventory:

Hand Weapons
 g - a +0 sling
Missiles
 h - 5 stones
Scrolls
 d - a scroll of torment {unknown}
 e - 2 scrolls of magic mapping {unknown}
 i - a scroll of poison {unknown}
 j - a scroll of enchant armour {unknown}
 k - a scroll of identify {unknown}
 l - a scroll of enchant weapon {unknown}
 m - a scroll of blinking {unknown}
Potions
 a - a potion of magic
 b - 2 potions of resistance {unknown}
 c - a potion of cancellation {unknown}
 f - a potion of attraction {unknown}


   Skills:
 + Level 0.0 Fighting
 + Level 3.5 Dodging
 + Level 3.8 Stealth
 + Level 0.0 Unarmed Combat
 + Level 2.5 Spellcasting
 + Level 4.3 Summonings


You had 4 spell levels left.
You knew the following spells:

 Your Spells              Type           Power      Damage    Failure   Level
a - Summon Small Mammal   Summ           60%        N/A       3%          1
b - Call Imp              Summ           15%        N/A       4%          2

Your spell library contained the following spells:

 Spells                   Type           Power      Damage    Failure   Level
 Call Canine Familiar     Summ           15%        N/A       10%         3
 Beastly Appendage        Tmut           4%         N/A       21%         1
 Summon Guardian Golem    Hex/Summ       8%         N/A       24%         3
 Wereblood                Tmut           2%         N/A       30%         2
 Spider Form              Tmut/Pois      2%         N/A       52%         3
 Summon Lightning Spire   Summ/Air       8%         N/A       63%         4


Dungeon Overview and Level Annotations

Branches:
Dungeon (3/15)

Altars:

Shops:
D:1 :*[:(


Innate Abilities, Weirdness & Mutations

You have sharp claws.
You have razor-sharp teeth.
You have supernaturally acute eyesight. (SInv)
You cover ground quickly. (Speed+)
You are covered in fur. (AC +1)
Your paws help you pounce on unaware monsters.
You are incapable of wielding weapons or throwing items.
You cannot wear armour.
You gain extra lives every three experience levels.


Message History

There is a stone staircase leading down here.
There is a stone staircase leading down here.
You climb downwards.
There is a stone staircase leading up here.
Casting: Summon Small Mammal (safe; 3% risk of failure)
Confirm with . or Enter, or press ? or * to list all spells.
The orc priest shouts!
You hear a shout!
Casting: Summon Small Mammal (safe; 3% risk of failure)
Confirm with . or Enter, or press ? or * to list all spells.
You barely miss the orc priest.
Your bat hits the orc priest but does no damage.
The orc priest hits you but does no damage.
You barely miss the orc priest.
The orc wizard mumbles some strange words.
The orc wizard flickers and vanishes for a moment.
The orc priest hits your quokka with a +0 mace.
Your quokka bites the orc priest.
Casting: Summon Small Mammal (safe; 3% risk of failure)
Confirm with . or Enter, or press ? or * to list all spells.
A beastly little devil appears in a puff of flame.
Your bat hits the orc priest but does no damage.
Your quokka bites the orc priest but does no damage.
The orc priest barely misses your quokka.
Your quokka bites the orc priest but does no damage.
The orc wizard barely misses your quokka.
Your bat closely misses the orc priest.
You closely miss the orc priest. You bite the orc priest.
The orc priest is moderately wounded.
Your bat closely misses the orc priest.
Your quokka bites the orc priest.
The orc wizard completely misses your quokka.
The orc priest hits you with a +0 mace.
You scratch the orc priest.
The orc priest is heavily wounded.
Your bat closely misses the orc priest.
Your quokka bites the orc priest.
Your crimson imp hits the orc priest.
The orc wizard barely misses your quokka.
The orc priest mumbles some strange prayers to Beogh against you.
Pain shoots through your body!
Ouch! That really hurt!
You die...

##......#######.#.....#
##.#....'...###.#.....#
##......##......'.....#
.####...##..###.#.....#
†..##...##..# #.#.###########
##.##...##..###..o...o......#
##.##...##.....br.#########.#
##......##.####.o...# ..# #.#
####.###†......5@##.# #.# #b#
. #.....#........#.# #.# #.#
# #####..#####...#.###.###.#
#........)..<#.....#.##
###......#####.#......#
####..>..........#..#
##.######.##..#..# #.#
.......#..# #.. .........#..#


You could see an orc priest (ally target), an orc wizard (invisible), a friendly
crimson imp (summoned), a friendly quokka (summoned) and a friendly bat
(summoned).

Vanquished Creatures
  4 ball pythons
  3 bats
  2 endoplasms
  A goblin (D:1)
  2 hobgoblins
  2 quokkas (D:1)
  4 frilled lizards
  4 rats
22 creatures vanquished.

Vanquished Creatures (collateral kills)
  An orc (D:3)
  4 bats
  2 endoplasms (D:1)
  A goblin (D:1)
  2 hobgoblins (D:1)
  2 jackals (D:1)
  5 kobolds
  A quokka (D:3)
  3 ball pythons
  3 frilled lizards
  3 rats
27 creatures vanquished.

Vanquished Creatures (others)
  7 plants (D:3)
7 creatures vanquished.

Grand Total: 56 creatures vanquished

Notes
Turn   | Place    | Note
-------+----------+-------------------------------------------
     0 | D:1      | Pilot the Felid Summoner began the quest for the Orb.
     0 | D:1      | Reached XP level 1. HP: 7/7 MP: 4/4
    32 | D:1      | Found a faded altar of an unknown god.
   320 | D:1      | Found Budwebb's Weapon Emporium.
   345 | D:1      | Reached XP level 2. HP: 11/11 MP: 6/6
   436 | D:1      | Found Washrea's Antique Armour Shop.
   443 | D:1      | Found Jeronwut's Book Boutique.
   988 | D:1      | Found Pinlehic's Assorted Antiques.
  1385 | D:1      | Found Lamiqod's Book Boutique.
  1395 | D:1      | Reached XP level 3. HP: 14/14 MP: 7/7
  4223 | D:2      | Learned a level 2 spell: Call Imp
  4317 | D:3      | Killed from afar by an orc priest

Illustrated notes

Levels and vault maps discovered:
D:1:      dpeg_arrival_long_road, layout_loops_ring, serial_shops,
          nicolae_shop_waterfront, shop, nicolae_shop_bloodbath_and_beyond,
          nicolae_shop_statue_plus, nicolae_shop_behind_doors,
          hellmonk_ecumenical_altar_lost_god, chequers_avenue
D:2:      layout_basic
D:3:      layout_basic, serial_shops, shop, minmay_lizard_king, uniq_sigmund,
          uniq_grinder

Skill      XL: |  1 |
---------------+----+-----
Dodging        | 3 |  3.5
Stealth        | 3 |  3.8
Spellcasting   | |  2.5
Summonings     | |  4.3

Action                   || total
-------------------------++-------
Melee: Unarmed           ||    80
       Bite              ||     8
       Punch             ||     2
 Cast: Summon Small Mamm ||    65
       Call Imp          ||     1
 Stab: Sleeping          ||    11
       Distracted        ||     1
Armor: Skin              ||    12
Dodge: Dodged            ||    87

Table legend: (Time is in decaauts)
 A = Elapsed time spent in this place.
 B = Non-inter-level travel time spent in this place.
 C = Inter-level travel time spent in this place.
 D = Time resting spent in this place.
 E = Time spent auto-exploring this place.
 F = Levels seen in this place.
 G = Mean time per level.
                   A        B        C        D        E       F      G
               +--------+--------+--------+--------+--------+-----+--------+
         Total |   3891 |   3448 |    443 |      0 |   1747 |   3 | 1297.0 |
       Dungeon |   3891 |   3448 |    443 |      0 |   1747 |   3 | 1297.0 |
               +--------+--------+--------+--------+--------+-----+--------+

Top non-repeatable levels by time:
     D:1: 1939 daAuts
     D:2: 1164 daAuts
     D:3: 788 daAuts
